cohdb
Replays
Latest Replays
All Replays
Popular Replays
Top Player Replays
Match Explorer
How It Works
Community
CoH3 Stats
Reddit
Sign in to upload your games and track your stats! →
Sign in with Steam
Match 40349713
Unlisted
Match 40349713
Overview
Messages
Build Orders
End
Royal Engineer Section
Construct Section Command Post
Infantry Section
Infantry Section
Selects Indian Artillery Battlegroup
Infantry Section
Selects War Cry
Grenade Package
Construct Field Infirmary
Construct Platoon Command Post
Selects Gurkha Rifles Section
6-pounder Anti-tank Gun Team
Humber Armored Car
6-pounder Anti-tank Gun Team
War Cry
Selects Volunteer Infantry
6-pounder Anti-tank Gun Team
Construct Company Command Post
Selects Artillery Saturation
Exf
Gravey
0
0
Comments
sign in to comment!
No comments posted yet!